 Dungeon Crawl Stone Soup version 0.21-a0-529-g8c7b3f5 (webtiles) character file.

328 AverageBear the Cutter (level 6, 0/36 HPs)
             Began as a Deep Elf Fighter on Dec 9, 2017.
             Slain by a gnoll
             ... wielding a +1 spear of freezing
              (3 damage)
             ... on level 3 of the Dungeon.
             The game lasted 00:02:51 (3004 turns).

AverageBear the Cutter (Deep Elf Fighter)           Turns: 3004, Time: 00:02:52

Health: 0/36       AC:  7    Str: 13 (15) XL:     6   Next: 25%
Magic:  8/8        EV:  8    Int: 12 (13) God:
Gold:   155        SH:  6    Dex: 11 (14) Spells: 5/5 levels left

rFire    . . .     SeeInvis .   a - +1 rapier
rCold    . . .     Gourm    .   i - +2 buckler
rNeg     . . .     Faith    .   b - +0 scale mail
rPois    .         Spirit   .   (no helmet)
rElec    .         Reflect  .   (no cloak)
rCorr    +         Harm     .   (no gloves)
MR       .....                  h - +0 pair of boots
Stlth    ..........             (no amulet)
HPRegen  0.12/turn              n - ring of resist corrosion
MPRegen  0.11/turn              (no ring)

@: no status effects
A: no striking features
a: no special abilities


You were on level 3 of the Dungeon.
You were hungry.

You visited 1 branch of the dungeon, and saw 3 of its levels.

You collected 155 gold pieces.

Inventory:

Hand Weapons
 a - a +1 rapier (weapon)
Armour
 b - a +0 scale mail (worn)
 h - a +0 pair of boots (worn)
 i - a +2 buckler (worn)
 q - a cursed -2 leather armour
Jewellery
 n - a ring of resist corrosion (left hand)
Scrolls
 g - 3 scrolls of teleportation
 j - a scroll of remove curse {unknown}
Potions
 d - a potion of might
 e - a potion of berserk rage
 k - 2 potions of heal wounds {unknown}
 m - a potion of flight {unknown}
 o - a potion of brilliance {unknown}
 p - a potion of resistance {unknown}
Comestibles
 c - a meat ration
 f - 5 bread rations


   Skills:
 - Level 2.4 Fighting
 + Level 6.7 Short Blades
 - Level 2.4 Armour
 - Level 2.4 Shields


You had 5 spell levels left.
You didn't know any spells.

Dungeon Overview and Level Annotations

Branches:
Dungeon (3/15)

Altars:
Vehumet
Zin

Shops:
D:2 *

Annotations:
D:3 nomadicburrito's ghost, amateur MiFi


Message History

Nomadicburrito's ghost is severely damaged.
Nomadicburrito's ghost barely misses you.
You block the gnoll's attack.
You hit nomadicburrito's ghost.
Nomadicburrito's ghost is severely damaged.
Nomadicburrito's ghost hits you but does no damage.
The gnoll hits you but does no damage.
You hit nomadicburrito's ghost.
Nomadicburrito's ghost is almost destroyed.
Nomadicburrito's ghost barely misses you.
The gnoll hits you from afar with a spear of freezing.
The gnoll freezes you.
You hit nomadicburrito's ghost.
Nomadicburrito's ghost is almost destroyed.
Nomadicburrito's ghost hits you!
* * * LOW HITPOINT WARNING * * *
The gnoll hits you from afar with a spear of freezing!
* * * LOW HITPOINT WARNING * * *
The gnoll freezes you.
You die... .......... ##§...§.#. ..§.§... .._§..# .§... ggg

#W# #@#
#.#####>####.#
#............#
#######.###..#
#.# #..# #.#
#..# #.# #..#
######.#
#..### #.#
#......#
#(...# ...


You could see nomadicburrito's ghost, 2 gnolls and a hobgoblin.

Vanquished Creatures
  Grinder (D:3)
  4 adders (D:2)
  2 oozes (D:1)
  3 worms (D:2)
  2 dart slugs (D:1)
  2 leopard geckos (D:1)
  3 ball pythons (D:2)
  6 giant cockroaches
  4 goblins
  6 hobgoblins
  3 quokkas (D:2)
  6 bats
  3 frilled lizards
  8 kobolds
  9 rats
62 creatures vanquished.

Vanquished Creatures (others)
  A gnoll (D:3)
  A rat (D:3)
2 creatures vanquished.

Grand Total: 64 creatures vanquished

Notes
Turn   | Place    | Note
-------+----------+-------------------------------------------
     0 | D:1      | AverageBear the Deep Elf Fighter began the quest for the Orb.
     0 | D:1      | Reached XP level 1. HP: 13/13 MP: 3/3
   156 | D:1      | Reached XP level 2. HP: 11/18 MP: 4/4
   160 | D:1      | Reached skill level 3 in Short Blades
   588 | D:1      | Reached XP level 3. HP: 22/22 MP: 5/5
  1272 | D:2      | Reached skill level 4 in Short Blades
  1393 | D:2      | Found Zin's Purification Station.
  1409 | D:2      | Found a glowing silver altar of Zin.
  1498 | D:2      | Reached XP level 4. HP: 5/27 MP: 6/6
  2445 | D:2      | Reached skill level 5 in Short Blades
  2516 | D:3      | Noticed Grinder
  2526 | D:3      | Killed Grinder
  2526 | D:3      | Reached skill level 6 in Short Blades
  2526 | D:3      | Reached XP level 5. HP: 13/31 MP: 7/7
  2526 | D:3      | Reached XP level 6. HP: 15/36 MP: 8/8
  2603 | D:2      | HP: 1/36 [poisoned by a kobold]
  2983 | D:3      | Found a radiant altar of Vehumet.
  2983 | D:3      | Noticed nomadicburrito's ghost (amateur MiFi)
  3004 | D:3      | Slain by a gnoll

Vault maps used:
D:1:      tarquinn_simple_flora_water_e
D:2:      minmay_diamond_boxcup, zin_purify, first_bread, minmay_tiny_reverse_x
D:3:      fiery_altar_vehumet, uniq_grinder, uniq_robin

Skill      XL: |  1  2  3  4 |
---------------+-------------+-----
Short Blades   | 3 4 6 |  6.7
Fighting       | |  2.4
Armour         | |  2.4
Shields        | |  2.4

Action                   |  1- 3 |  4- 6 || total
-------------------------+-------+-------++-------
Melee: Rapier            |   121 |   107 ||   228
  Use: Scroll            |     4 |     1 ||     5
       Potion            |       |     2 ||     2
  Eat: Chunk             |     2 |     4 ||     6
Armor: Scale mail        |    51 |    37 ||    88
Dodge: Dodged            |    39 |    43 ||    82
Block: Shield            |    13 |       ||    13
       Buckler           |    37 |    33 ||    70

Table legend:
 A = Spawn XP
 B = Non-spawn XP
 C = Spawn XP percentage of total XP
 D = Spawn monster count
 E = Non-spawn monster count
 F = Spawn count percentage of total count
 G = Total turns spent on level
                    A         B        C        D         E        F      G
               +---------+---------+-------+---------+---------+-------+---------
         Total |       0 |     469 |   0.0 |       0 |      62 |   0.0 |  3004
               +---------+---------+-------+---------+---------+-------+---------
           D:1 |       0 |      60 |   0.0 |       0 |      26 |   0.0 |  1263
           D:2 |       0 |     108 |   0.0 |       0 |      34 |   0.0 |  1559
           D:3 |       0 |     301 |   0.0 |       0 |       2 |   0.0 |   182
               +---------+---------+-------+---------+---------+-------+---------
